 Dungeon Crawl Stone Soup version 0.22-a0-596-gfbd32a6 (webtiles) character file.

74 Lianjan the Cutter (level 4, -4/24 HPs)
             Began as a Spriggan Berserker on July 5, 2018.
             Was a Believer of Trog.
             Killed from afar by Natasha (7 damage)
             ... with a magic dart
             ... on level 2 of the Dungeon.
             The game lasted 00:03:02 (1384 turns).

Lianjan the Cutter (Spriggan Berserker)             Turns: 1384, Time: 00:03:03

Health: -4/24      AC:  2    Str: 14    XL:     4   Next: 10%
Magic:  5/5        EV: 19    Int:  8    God:    Trog [**....]
Gold:   45         SH:  7    Dex: 15    Spells: 3/3 levels left

rFire    . . .     SeeInvis +   a - +0 short sword
rCold    . . .     Gourm    .   m - +2 buckler
rNeg     . . .     Faith    .   b - +0 animal skin
rPois    .         Spirit   .   (helmet restricted)
rElec    .         Reflect  .   (no cloak)
rCorr    .         Harm     .   (gloves unavailable)
MR       .....                  (boots unavailable)
Stlth    +.........             (no amulet)
HPRegen  0.08/turn              (no ring)
MPRegen  0.09/turn              (no ring)

@: berserk cooldown, slowed, quick
A: very small, unfitting armour, see invisible, herbivore, speed 3, slow
metabolism 2
a: Berserk, Trog's Hand, Renounce Religion


You were on level 2 of the Dungeon.
You worshipped Trog.
Trog was pleased with you.
You were not hungry.

You visited 1 branch of the dungeon, and saw 2 of its levels.

You collected 45 gold pieces.

Inventory:

Hand Weapons
 a - a +0 short sword (weapon)
Missiles
 l - 46 stones (quivered)
 o - 7 javelins
Armour
 b - a +0 animal skin (worn)
 m - a +2 buckler (worn)
Jewellery
 i - a cursed -3 ring of strength {unknown}
Scrolls
 d - 3 scrolls of teleportation {unknown}
 n - a scroll of identify {unknown}
 p - a scroll of remove curse {unknown}
 q - a scroll of enchant weapon {unknown}
Potions
 e - a potion of degeneration {unknown}
 f - a potion of curing {unknown}
 g - a potion of haste {unknown}
 h - a potion of flight {unknown}
 j - a potion of agility {unknown}
 k - a potion of magic {unknown}
Comestibles
 c - 4 rations


   Skills:
 + Level 3.0 Fighting
 * Level 4.7 Short Blades
 - Level 4.4 Dodging
 + Level 0.7 Shields


You had 3 spell levels left.
You didn't know any spells.
Your spell library was empty.

Dungeon Overview and Level Annotations

Branches:
Dungeon (2/15)

Altars:
Hepliaklqana

Annotations:
D:2 Natasha


Innate Abilities, Weirdness & Mutations

You are very small and have problems with some larger weapons.
You are too small for most types of armour.
You have supernaturally acute eyesight. (SInv)
You are a herbivore.
You cover ground extremely quickly.
You need to consume almost no food.


Message History

You barely miss the worm. You puncture the worm!
The worm is heavily wounded.
You block the worm's attack.
You hit the worm.
The worm is heavily wounded.
You hit the worm.
The worm is severely wounded.
You puncture the worm!
You kill the worm!
Trog accepts your kill.
You feel a strong urge to attack something.
You are no longer berserk.
You are exhausted.
You feel yourself slow down.
You start resting.
Natasha, Servant of Life and Death comes into view.
Natasha casts a spell at you. The magic dart hits you!
You die...

#......####..#.# ##.#
#.........†....# #..
#....#######.#.# #.# #. ###.##
#.#.####.#### #. #.#
#.#...†......
#.#########<########h#.####.....
##..........###.......#..........
#...###.....# #..................
.#.#.##...### #@.............###
.#.......## ###.####.......#
...#.##..# #..# #.#######
#...###..# #..# #.# ##.####.##
##.# #.# ........# #.# #..
##.###### +.# #.# #.# ### #.# #)#
#..


You could see Natasha.

Vanquished Creatures
  Natasha (D:2)
  2 worms (D:2)
  3 dart slugs
  A ball python (D:2)
  A giant cockroach (D:1)
  5 goblins
  9 hobgoblins
  6 bats
  4 frilled lizards
  A kobold (D:1)
  6 rats (D:1)
39 creatures vanquished.

Notes
Turn   | Place    | Note
-------+----------+-------------------------------------------
     0 | D:1      | Lianjan the Spriggan Berserker began the quest for the Orb.
     0 | D:1      | Reached XP level 1. HP: 11/11 MP: 2/2
   365 | D:1      | Reached XP level 2. HP: 16/16 MP: 3/3
   983 | D:1      | Reached ** piety under Trog
  1018 | D:1      | Reached XP level 3. HP: 19/19 MP: 4/4
  1173 | D:2      | Found a hazy altar of Hepliaklqana.
  1352 | D:2      | Noticed Natasha
  1365 | D:2      | Killed Natasha
  1365 | D:2      | Reached XP level 4. HP: 6/24 MP: 5/5
  1365 | D:2      | HP: 1/36 [worm (5)]
  1384 | D:2      | Noticed Natasha
  1384 | D:2      | Killed from afar by Natasha

Vault maps used:
D:1:      giann_bridges, minmay_pentomino_o4
D:2:      lemuel_crystal_altar, tso_altar, chequers_temple_overflow_minitemple,
          first_ration, uniq_natasha

Skill      XL: |  1  2  3 |
---------------+----------+-----
Short Blades   | 4 |  4.7
Fighting       | 3 |  3.0
Dodging        | |  4.4
Shields        | |  0.7

Action                   |  1- 3 |  4- 6 || total
-------------------------+-------+-------++-------
Melee: Short sword       |   139 |     5 ||   144
Invok: Berserk           |     4 |       ||     4
 Stab: Sleeping          |     3 |       ||     3
  Eat: Ration            |     1 |       ||     1
Armor: Animal skin       |     8 |       ||     8
Dodge: Dodged            |    76 |       ||    76
Block: Buckler           |    19 |     1 ||    20

Table legend:
 A = Spawn XP
 B = Non-spawn XP
 C = Spawn XP percentage of total XP
 D = Spawn monster count
 E = Non-spawn monster count
 F = Spawn count percentage of total count
 G = Total turns spent on level
                    A         B        C        D         E        F      G
               +---------+---------+-------+---------+---------+-------+---------
         Total |       0 |     107 |   0.0 |       0 |      39 |   0.0 |  1384
               +---------+---------+-------+---------+---------+-------+---------
           D:1 |       0 |      43 |   0.0 |       0 |      26 |   0.0 |  1141
           D:2 |       0 |      64 |   0.0 |       0 |      13 |   0.0 |   243
               +---------+---------+-------+---------+---------+-------+---------
